2957 views
Uploaded 2020-01-01 19:26:07
Game version 1.32.0.4
21:13 long 3on3 ladder game on (6)StranglethornVale
Saved by BEARAND
2957 views
Uploaded 2020-01-01 19:26:07
Game version 1.32.0.4
21:13 long 3on3 ladder game on (6)StranglethornVale


115 units @ 16.8k
/ 2.2k
59 buildings @ 7.2k
/ 2.6k


| Healing Salve | 1 | 100 |
| Lesser Clarity Potion | 3 | 210 |
| Potion of Healing | 2 | 300 |
| total: | 6 | 610g |
| Peon | 18 | 1350 | / | 0 |
| Grunt | 1 | 200 | / | 0 |
| Troll Headhunter | 17 | 2380 | / | 340 |
| Kodo Beast | 5 | 1275 | / | 300 |
| Demolisher | 2 | 440 | / | 100 |
| Troll Berserker | 3 | 420 | / | 60 |
| total: | 46 | 6065g | / | 800w |
| Watch Tower | 1 | 110 | / | 80 |
| Altar of Storms | 1 | 180 | / | 50 |
| Orc Burrow | 6 | 960 | / | 240 |
| Barracks | 2 | 360 | / | 100 |
| War Mill | 2 | 410 | / | 0 |
| Voodoo Lounge | 1 | 130 | / | 30 |
| Great Hall | 2 | 770 | / | 370 |
| Beastiary | 1 | 145 | / | 140 |
| Stronghold | 1 | 315 | / | 190 |
| Fortress | 1 | 325 | / | 190 |
| total: | 16 | 3065g | / | 1010w |
| 0:12 | Altar of Storms |
| 0:13 | Peon |
| 0:13 | Peon |
| 0:24 | Orc Burrow |
| 0:37 | Barracks |
| 0:51 | Peon |
| 1:15 | War Mill |
| 1:21 | War Mill |
| 1:41 | Peon |
| 1:41 | Peon |
| 1:42 | Peon |
| 1:59 | Grunt |
| 2:17 | Orc Burrow |
| 2:22 | Orc Burrow |
| 2:25 | Orc Burrow |
| 2:31 | Peon |
| 2:39 | War Stomp |
| 3:41 | Troll Headhunter |
| 3:41 | Troll Headhunter |
| 3:42 | Troll Headhunter |
| 3:45 | Troll Headhunter |
| 3:48 | Stronghold |
| 3:59 | Orc Burrow |
| 4:45 | Voodoo Lounge |
| 5:17 | Orc Burrow |
| 5:20 | Steel Ranged Weapons |
| 5:50 | Endurance Aura |
| 7:38 | Troll Headhunter |
| 7:38 | Troll Headhunter |
| 7:39 | Troll Headhunter |
| 7:39 | Troll Headhunter |
| 7:49 | Beastiary |
| 7:57 | Healing Salve |
| 7:58 | Lesser Clarity Potion |
| 8:05 | Potion of Healing |
| 8:10 | Troll Regeneration |
| 8:11 | Troll Headhunter |
| 8:40 | Peon |
| 8:55 | Watch Tower |
| 9:18 | Peon |
| 9:19 | Peon |
| 9:23 | Troll Headhunter |
| 9:30 | Thorium Ranged Weapons |
| 9:34 | Kodo Beast |
| 9:56 | Healing Wave |
| 11:02 | Fortress |
| 12:00 | Great Hall |
| 12:10 | Kodo Beast |
| 12:10 | Kodo Beast |
| 12:24 | Great Hall |
| 12:32 | Troll Headhunter |
| 12:34 | Troll Headhunter |
| 12:47 | Steel Armor |
| 15:05 | War Drums Damage Increase |
| 15:08 | Kodo Beast |
| 15:08 | Kodo Beast |
| 15:12 | Berserker Upgrade |
| 15:13 | Troll Headhunter |
| 15:13 | Troll Headhunter |
| 15:13 | Troll Headhunter |
| 15:14 | Troll Headhunter |
| 15:14 | Troll Headhunter |
| 15:20 | Potion of Healing |
| 15:21 | Lesser Clarity Potion |
| 15:31 | Arcanite Ranged Weapons |
| 15:38 | Peon |
| 15:38 | Peon |
| 15:42 | Peon |
| 15:51 | Demolisher |
| 16:05 | Barracks |
| 16:13 | Demolisher |
| 16:24 | Lesser Clarity Potion |
| 18:06 | Peon |
| 18:06 | Peon |
| 18:06 | Peon |
| 18:07 | Peon |
| 19:09 | Troll Berserker |
| 19:09 | Troll Berserker |
| 19:11 | Troll Berserker |
| 19:19 | Peon |
| Right click | 741 |
| Select | 201 |
| Build/train/purchase | 71 |
| Assign group | 12 |
| Use ability | 8 |
| Remove unit | 3 |
| Select group | 3 |

| Peasant | 15 | 1125 | / | 0 |
| Footman | 2 | 270 | / | 0 |
| Rifleman | 15 | 3075 | / | 450 |
| Mortar Team | 2 | 360 | / | 140 |
| Knight | 2 | 490 | / | 120 |
| total: | 36 | 5320g | / | 710w |
| Scout Tower | 1 | 30 | / | 20 |
| Arcane Tower | 1 | 70 | / | 50 |
| Altar of Kings | 1 | 180 | / | 50 |
| Barracks | 1 | 160 | / | 60 |
| Blacksmith | 1 | 140 | / | 60 |
| Farm | 15 | 1200 | / | 300 |
| Lumber Mill | 1 | 120 | / | 0 |
| Workshop | 1 | 140 | / | 140 |
| Gryphon Aviary | 1 | 140 | / | 150 |
| Keep | 1 | 320 | / | 210 |
| Castle | 1 | 360 | / | 210 |
| total: | 22 | 2110g | / | 780w |
| 0:13 | Altar of Kings |
| 0:19 | Peasant |
| 0:19 | Peasant |
| 0:52 | Barracks |
| 1:14 | Blacksmith |
| 1:54 | Farm |
| 2:27 | Farm |
| 3:01 | Divine Shield |
| 3:11 | Footman |
| 3:11 | Footman |
| 3:29 | Peasant |
| 3:29 | Peasant |
| 3:29 | Peasant |
| 3:30 | Peasant |
| 4:40 | Scout Tower |
| 4:54 | Rifleman |
| 5:15 | Farm |
| 5:22 | Peasant |
| 5:23 | Peasant |
| 5:52 | Rifleman |
| 6:05 | Peasant |
| 6:05 | Peasant |
| 6:06 | Peasant |
| 6:13 | Farm |
| 6:19 | Arcane Tower |
| 7:38 | Farm |
| 7:44 | Keep |
| 7:50 | Farm |
| 9:03 | Holy Light |
| 9:13 | Black Gunpowder |
| 9:14 | Studded Leather Armor |
| 9:14 | Iron Forged Swords |
| 9:15 | Iron Plating |
| 9:23 | Rifleman |
| 10:22 | Lumber Mill |
| 10:33 | Workshop |
| 10:39 | Long Rifles |
| 10:40 | Rifleman |
| 10:41 | Rifleman |
| 10:52 | Peasant |
| 10:53 | Peasant |
| 10:54 | Peasant |
| 10:55 | Peasant |
| 11:01 | Rifleman |
| 11:01 | Rifleman |
| 11:37 | Farm |
| 12:12 | Refined Gunpowder |
| 12:32 | Farm |
| 12:37 | Reinforced Leather Armor |
| 12:40 | Rifleman |
| 14:09 | Gryphon Aviary |
| 14:12 | Rifleman |
| 14:12 | Rifleman |
| 14:12 | Rifleman |
| 14:12 | Rifleman |
| 14:13 | Rifleman |
| 14:14 | Rifleman |
| 14:14 | Rifleman |
| 14:18 | Mortar Team |
| 14:19 | Mortar Team |
| 15:24 | Castle |
| 15:40 | Farm |
| 16:29 | Farm |
| 17:21 | Farm |
| 17:51 | Imbued Gunpowder |
| 17:52 | Dragonhide Armor |
| 18:02 | Knight |
| 18:02 | Knight |
| 18:09 | Farm |
| 19:08 | Farm |
| 19:15 | Sundering Blades |
| 19:16 | Animal War Training |
| 19:32 | Steel Forged Swords |
| 19:32 | Steel Plating |
| 19:49 | Farm |
| 20:33 | Farm |
| Right click | 178 |
| Select | 161 |
| Build/train/purchase | 57 |
| Use ability | 2 |


| Mechanical Critter | 1 | 50 |
| Scroll of Regeneration | 1 | 100 |
| total: | 2 | 150g |
| Peasant | 7 | 525 | / | 0 |
| Footman | 5 | 675 | / | 0 |
| Rifleman | 11 | 2255 | / | 330 |
| Spell Breaker | 4 | 860 | / | 120 |
| Priest | 2 | 270 | / | 20 |
| Knight | 1 | 245 | / | 60 |
| Mortar Team | 2 | 360 | / | 140 |
| Siege Engine | 1 | 195 | / | 60 |
| total: | 33 | 5385g | / | 730w |
| Scout Tower | 3 | 90 | / | 60 |
| Arcane Tower | 3 | 210 | / | 150 |
| Altar of Kings | 1 | 180 | / | 50 |
| Farm | 10 | 800 | / | 200 |
| Barracks | 2 | 320 | / | 120 |
| Arcane Vault | 1 | 130 | / | 30 |
| Lumber Mill | 1 | 120 | / | 0 |
| Blacksmith | 1 | 140 | / | 60 |
| Arcane Sanctum | 1 | 150 | / | 140 |
| Workshop | 1 | 140 | / | 140 |
| Keep | 1 | 320 | / | 210 |
| Castle | 1 | 360 | / | 210 |
| total: | 21 | 2070g | / | 800w |
| 0:06 | Peasant |
| 0:06 | Peasant |
| 0:10 | Altar of Kings |
| 0:15 | Farm |
| 0:15 | Farm |
| 0:41 | Barracks |
| 0:45 | Peasant |
| 0:59 | Peasant |
| 1:00 | Peasant |
| 1:38 | Arcane Vault |
| 1:43 | Footman |
| 1:43 | Footman |
| 1:56 | Lumber Mill |
| 2:15 | Blacksmith |
| 2:22 | Holy Light |
| 2:40 | Farm |
| 3:35 | Scout Tower |
| 3:40 | Rifleman |
| 3:40 | Rifleman |
| 3:44 | Rifleman |
| 3:58 | Mechanical Critter |
| 4:14 | Arcane Tower |
| 4:23 | Scroll of Regeneration |
| 4:46 | Peasant |
| 5:03 | Keep |
| 5:26 | Farm |
| 5:31 | Farm |
| 5:57 | Devotion Aura |
| 7:50 | Rifleman |
| 7:50 | Rifleman |
| 7:50 | Rifleman |
| 7:51 | Long Rifles |
| 7:53 | Improved Lumber Harvesting |
| 7:55 | Black Gunpowder |
| 7:56 | Studded Leather Armor |
| 8:05 | Arcane Sanctum |
| 8:08 | Peasant |
| 8:22 | Footman |
| 9:04 | Barracks |
| 9:39 | Forked Lightning |
| 10:48 | Farm |
| 10:48 | Farm |
| 10:49 | Farm |
| 10:50 | Farm |
| 10:50 | Farm |
| 10:55 | Castle |
| 11:29 | Magic Sentry |
| 11:35 | Spell Breaker |
| 11:35 | Spell Breaker |
| 11:36 | Priest |
| 11:46 | Scout Tower |
| 11:48 | Scout Tower |
| 12:07 | Iron Plating |
| 12:29 | Arcane Tower |
| 12:40 | Improved Masonry |
| 15:03 | Spell Breaker |
| 15:03 | Spell Breaker |
| 15:03 | Priest |
| 15:12 | Workshop |
| 15:16 | Knight |
| 15:19 | Rifleman |
| 15:30 | Arcane Tower |
| 15:49 | Footman |
| 16:47 | Mortar Team |
| 16:47 | Mortar Team |
| 16:50 | Siege Engine |
| 17:32 | Rifleman |
| 17:34 | Rifleman |
| 19:24 | Rifleman |
| 19:25 | Rifleman |
| 19:30 | Footman |
| Select | 220 |
| Right click | 191 |
| Build/train/purchase | 54 |
| Use ability | 27 |
| Select group | 12 |
| Assign group | 9 |
| Remove unit | 1 |
| Minimap ping | 1 |
65 units @ 5.1k
/ 0.2k
196 buildings @ 16.1k
/ 8.2k


| Healing Salve | 2 | 200 |
| Orb of Lightning | 1 | 375 |
| Boots of Speed | 2 | 500 |
| Staff of Teleportation | 2 | 300 |
| total: | 7 | 1375g |
| Peon | 18 | 1350 | / | 0 |
| Troll Batrider | 2 | 320 | / | 80 |
| Goblin Shredder | 1 | 375 | / | 100 |
| total: | 21 | 2045g | / | 180w |
| Watch Tower | 38 | 4180 | / | 3040 |
| Altar of Storms | 1 | 180 | / | 50 |
| Orc Burrow | 4 | 640 | / | 160 |
| War Mill | 1 | 205 | / | 0 |
| Voodoo Lounge | 3 | 390 | / | 90 |
| Great Hall | 1 | 385 | / | 185 |
| Beastiary | 6 | 870 | / | 840 |
| Stronghold | 1 | 315 | / | 190 |
| Fortress | 1 | 325 | / | 190 |
| total: | 54 | 6850g | / | 4365w |
| 0:03 | Peon |
| 0:03 | Peon |
| 0:08 | Altar of Storms |
| 0:20 | Orc Burrow |
| 0:36 | War Mill |
| 0:38 | Peon |
| 0:48 | Peon |
| 1:06 | Voodoo Lounge |
| 1:10 | Peon |
| 1:19 | Peon |
| 1:28 | Peon |
| 1:46 | Orc Burrow |
| 2:01 | Watch Tower |
| 2:05 | Peon |
| 2:08 | Wind Walk |
| 2:14 | Healing Salve |
| 2:21 | Peon |
| 2:30 | Watch Tower |
| 2:48 | Peon |
| 3:09 | Peon |
| 3:11 | Watch Tower |
| 3:23 | Peon |
| 3:26 | Watch Tower |
| 3:41 | Boots of Speed |
| 3:41 | Staff of Teleportation |
| 4:00 | Peon |
| 4:16 | Stronghold |
| 4:29 | Watch Tower |
| 4:42 | Watch Tower |
| 4:57 | Watch Tower |
| 5:09 | Watch Tower |
| 5:22 | Orc Burrow |
| 5:26 | Orc Burrow |
| 5:40 | Watch Tower |
| 5:55 | Watch Tower |
| 6:46 | Watch Tower |
| 7:04 | Critical Strike |
| 7:40 | Hex |
| 7:43 | Watch Tower |
| 7:48 | Voodoo Lounge |
| 7:50 | Voodoo Lounge |
| 7:55 | Spiked Barricades |
| 7:55 | Reinforced Defenses |
| 7:57 | Beastiary |
| 8:00 | Beastiary |
| 8:03 | Healing Salve |
| 8:49 | Fortress |
| 9:32 | Great Hall |
| 9:35 | Watch Tower |
| 9:52 | Watch Tower |
| 10:51 | Goblin Shredder |
| 10:57 | Watch Tower |
| 11:00 | Watch Tower |
| 11:18 | Orb of Lightning |
| 11:35 | Boots of Speed |
| 11:36 | Staff of Teleportation |
| 11:59 | Beastiary |
| 12:01 | Liquid Fire |
| 12:16 | Peon |
| 12:16 | Peon |
| 12:16 | Peon |
| 12:20 | Peon |
| 12:26 | Peon |
| 12:51 | Healing Wave |
| 13:03 | Watch Tower |
| 13:06 | Watch Tower |
| 13:09 | Watch Tower |
| 13:10 | Watch Tower |
| 13:19 | Watch Tower |
| 13:27 | Watch Tower |
| 13:28 | Watch Tower |
| 13:29 | Watch Tower |
| 13:39 | Beastiary |
| 13:55 | Watch Tower |
| 13:57 | Watch Tower |
| 13:59 | Watch Tower |
| 14:00 | Watch Tower |
| 14:30 | Wind Walk |
| 14:54 | Watch Tower |
| 14:55 | Watch Tower |
| 15:17 | Beastiary |
| 15:18 | Beastiary |
| 16:00 | Improved Spiked Barricades |
| 16:00 | Steel Ranged Weapons |
| 16:01 | Steel Armor |
| 16:19 | Watch Tower |
| 16:21 | Watch Tower |
| 17:27 | Watch Tower |
| 17:28 | Watch Tower |
| 17:55 | Troll Batrider |
| 17:56 | Troll Batrider |
| 18:17 | Watch Tower |
| 18:18 | Watch Tower |
| 18:26 | Thorium Ranged Weapons |
| 19:42 | Thorium Armor |
| 20:26 | Healing Wave |
| 20:34 | Watch Tower |
| 20:37 | Watch Tower |
| Right click | 1425 |
| Select | 350 |
| Select group | 244 |
| Misc. action | 84 |
| Build/train/purchase | 60 |
| Use ability | 30 |
| Assign group | 11 |
| Item give/drop | 3 |
| Minimap ping | 1 |



| Staff of Sanctuary | 4 | 1000 |
| Boots of Speed | 3 | 750 |
| Staff of Teleportation | 4 | 600 |
| Potion of Lesser Invulnerability | 1 | 150 |
| Periapt of Vitality | 1 | 325 |
| Circlet of Nobility | 1 | 175 |
| Healing Salve | 2 | 200 |
| Orb of Lightning | 2 | 750 |
| total: | 18 | 3950g |
| Peasant | 20 | 1500 | / | 0 |
| Priest | 1 | 135 | / | 10 |
| total: | 21 | 1635g | / | 10w |
| Scout Tower | 106 | 3180 | / | 2120 |
| Arcane Tower | 16 | 1120 | / | 800 |
| Guard Tower | 54 | 3780 | / | 2700 |
| Altar of Kings | 1 | 180 | / | 50 |
| Farm | 4 | 320 | / | 80 |
| Lumber Mill | 1 | 120 | / | 0 |
| Town Hall | 1 | 385 | / | 205 |
| Arcane Vault | 4 | 520 | / | 120 |
| Arcane Sanctum | 1 | 150 | / | 140 |
| Keep | 2 | 640 | / | 420 |
| Castle | 1 | 360 | / | 210 |
| total: | 118 | 4855g | / | 2715w |
| 0:03 | Peasant |
| 0:03 | Peasant |
| 0:14 | Altar of Kings |
| 0:16 | Peasant |
| 0:20 | Farm |
| 0:26 | Peasant |
| 0:49 | Peasant |
| 0:55 | Peasant |
| 0:57 | Farm |
| 1:06 | Lumber Mill |
| 1:07 | Peasant |
| 1:22 | Scout Tower |
| 1:23 | Peasant |
| 1:31 | Peasant |
| 1:41 | Peasant |
| 1:53 | Arcane Tower |
| 1:55 | Scout Tower |
| 1:55 | Peasant |
| 2:00 | Scout Tower |
| 2:01 | Scout Tower |
| 2:07 | Peasant |
| 2:10 | Improved Masonry |
| 2:12 | Blizzard |
| 2:15 | Scout Tower |
| 2:16 | Peasant |
| 2:33 | Arcane Tower |
| 2:35 | Scout Tower |
| 2:35 | Scout Tower |
| 3:11 | Guard Tower |
| 3:11 | Guard Tower |
| 3:13 | Scout Tower |
| 3:14 | Peasant |
| 3:14 | Peasant |
| 3:14 | Peasant |
| 3:17 | Town Hall |
| 3:27 | Scout Tower |
| 3:27 | Scout Tower |
| 3:28 | Scout Tower |
| 3:28 | Scout Tower |
| 3:28 | Scout Tower |
| 3:29 | Scout Tower |
| 3:31 | Guard Tower |
| 3:34 | Guard Tower |
| 3:37 | Guard Tower |
| 3:38 | Scout Tower |
| 3:39 | Scout Tower |
| 3:39 | Scout Tower |
| 3:39 | Scout Tower |
| 3:46 | Scout Tower |
| 3:58 | Arcane Tower |
| 4:06 | Boots of Speed |
| 4:17 | Guard Tower |
| 4:21 | Scout Tower |
| 4:21 | Guard Tower |
| 4:47 | Brilliance Aura |
| 4:49 | Guard Tower |
| 4:51 | Scout Tower |
| 5:09 | Guard Tower |
| 5:16 | Scout Tower |
| 5:17 | Scout Tower |
| 5:17 | Scout Tower |
| 5:18 | Scout Tower |
| 5:19 | Keep |
| 5:25 | Scout Tower |
| 5:31 | Healing Salve |
| 5:36 | Guard Tower |
| 5:38 | Guard Tower |
| 5:43 | Scout Tower |
| 5:44 | Scout Tower |
| 5:44 | Scout Tower |
| 5:44 | Scout Tower |
| 5:45 | Scout Tower |
| 5:56 | Staff of Teleportation |
| 5:56 | Staff of Teleportation |
| 6:04 | Peasant |
| 6:23 | Guard Tower |
| 6:28 | Guard Tower |
| 6:52 | Guard Tower |
| 6:52 | Scout Tower |
| 6:53 | Scout Tower |
| 6:53 | Scout Tower |
| 7:04 | Farm |
| 7:04 | Farm |
| 7:08 | Peasant |
| 7:08 | Peasant |
| 7:21 | Guard Tower |
| 7:23 | Scout Tower |
| 7:40 | Scout Tower |
| 7:41 | Scout Tower |
| 7:42 | Scout Tower |
| 7:42 | Scout Tower |
| 7:42 | Scout Tower |
| 7:43 | Scout Tower |
| 7:44 | Scout Tower |
| 7:44 | Scout Tower |
| 7:47 | Peasant |
| 7:50 | Scout Tower |
| 7:50 | Scout Tower |
| 7:51 | Scout Tower |
| 7:51 | Scout Tower |
| 7:54 | Scout Tower |
| 7:54 | Scout Tower |
| 7:55 | Scout Tower |
| 7:56 | Scout Tower |
| 8:03 | Guard Tower |
| 8:03 | Advanced Masonry |
| 8:07 | Scout Tower |
| 8:10 | Scout Tower |
| 8:10 | Scout Tower |
| 8:11 | Scout Tower |
| 8:35 | Guard Tower |
| 8:36 | Guard Tower |
| 8:37 | Scout Tower |
| 8:38 | Scout Tower |
| 8:39 | Scout Tower |
| 8:41 | Guard Tower |
| 8:42 | Scout Tower |
| 8:43 | Scout Tower |
| 8:44 | Scout Tower |
| 8:45 | Scout Tower |
| 8:52 | Scout Tower |
| 8:52 | Scout Tower |
| 8:53 | Scout Tower |
| 8:54 | Scout Tower |
| 8:55 | Castle |
| 9:17 | Boots of Speed |
| 9:18 | Storm Bolt |
| 9:22 | Guard Tower |
| 9:22 | Guard Tower |
| 9:25 | Guard Tower |
| 9:28 | Arcane Sanctum |
| 9:37 | Guard Tower |
| 9:37 | Guard Tower |
| 9:51 | Arcane Vault |
| 9:51 | Arcane Vault |
| 9:52 | Guard Tower |
| 10:04 | Guard Tower |
| 10:06 | Scout Tower |
| 10:23 | Blizzard |
| 10:32 | Guard Tower |
| 10:41 | Guard Tower |
| 10:43 | Scout Tower |
| 10:44 | Scout Tower |
| 10:44 | Scout Tower |
| 10:44 | Scout Tower |
| 10:59 | Arcane Vault |
| 11:04 | Arcane Vault |
| 11:06 | Guard Tower |
| 11:09 | Magic Sentry |
| 11:11 | Arcane Tower |
| 11:28 | Guard Tower |
| 11:32 | Guard Tower |
| 11:34 | Scout Tower |
| 11:35 | Scout Tower |
| 11:35 | Scout Tower |
| 11:35 | Scout Tower |
| 11:36 | Scout Tower |
| 11:37 | Scout Tower |
| 11:38 | Scout Tower |
| 11:38 | Scout Tower |
| 11:39 | Scout Tower |
| 11:40 | Scout Tower |
| 11:40 | Scout Tower |
| 11:41 | Scout Tower |
| 11:43 | Imbued Masonry |
| 11:50 | Healing Salve |
| 12:03 | Scout Tower |
| 12:04 | Staff of Sanctuary |
| 12:11 | Scout Tower |
| 12:12 | Scout Tower |
| 12:24 | Orb of Lightning |
| 12:29 | Holy Light |
| 12:40 | Scout Tower |
| 12:40 | Scout Tower |
| 12:41 | Scout Tower |
| 12:41 | Scout Tower |
| 12:42 | Scout Tower |
| 12:45 | Staff of Sanctuary |
| 12:45 | Staff of Sanctuary |
| 12:54 | Guard Tower |
| 12:56 | Scout Tower |
| 12:57 | Scout Tower |
| 12:57 | Scout Tower |
| 12:58 | Scout Tower |
| 13:04 | Potion of Lesser Invulnerability |
| 13:05 | Boots of Speed |
| 13:18 | Guard Tower |
| 13:30 | Scout Tower |
| 13:30 | Scout Tower |
| 13:32 | Scout Tower |
| 13:35 | Scout Tower |
| 13:41 | Staff of Teleportation |
| 14:02 | Guard Tower |
| 14:03 | Scout Tower |
| 14:05 | Scout Tower |
| 14:06 | Scout Tower |
| 14:06 | Scout Tower |
| 14:06 | Scout Tower |
| 14:07 | Scout Tower |
| 14:07 | Scout Tower |
| 14:12 | Priest |
| 14:12 | Priest Adept Training |
| 14:14 | Arcane Tower |
| 14:53 | Guard Tower |
| 15:03 | Staff of Teleportation |
| 15:22 | Orb of Lightning |
| 15:32 | Staff of Sanctuary |
| 15:53 | Guard Tower |
| 16:04 | Arcane Tower |
| 16:06 | Arcane Tower |
| 16:07 | Arcane Tower |
| 16:08 | Guard Tower |
| 16:11 | Arcane Tower |
| 16:12 | Guard Tower |
| 16:13 | Arcane Tower |
| 16:14 | Guard Tower |
| 16:14 | Guard Tower |
| 16:15 | Arcane Tower |
| 16:16 | Guard Tower |
| 16:29 | Periapt of Vitality |
| 16:32 | Circlet of Nobility |
| 17:09 | Arcane Tower |
| 17:09 | Guard Tower |
| 17:50 | Arcane Tower |
| 17:56 | Bash |
| 19:49 | Divine Shield |
| 19:56 | Brilliance Aura |
| Right click | 1885 |
| Select | 505 |
| Select group | 235 |
| Build/train/purchase | 140 |
| Use ability | 64 |
| Chat | 48 |
| Assign group | 15 |
| Misc. action | 5 |
| Resource trade | 5 |
| Item give/drop | 3 |
| Minimap ping | 2 |



| Orb of Venom | 1 | 325 |
| Staff of Teleportation | 3 | 450 |
| Boots of Speed | 3 | 750 |
| Circlet of Nobility | 2 | 350 |
| Periapt of Vitality | 2 | 650 |
| Staff of Sanctuary | 3 | 750 |
| Orb of Lightning | 1 | 375 |
| Healing Salve | 1 | 100 |
| total: | 16 | 3750g |
| Wisp | 23 | 1380 | / | 0 |
| total: | 23 | 1380g | / | 0w |
| Altar of Elders | 1 | 180 | / | 50 |
| Moon Well | 20 | 3600 | / | 800 |
| Tree of Life | 1 | 340 | / | 185 |
| Hunter's Hall | 1 | 210 | / | 100 |
| Ancient of Wonders | 1 | 90 | / | 30 |
| Tree of Ages | 2 | 640 | / | 360 |
| Tree of Eternity | 1 | 330 | / | 200 |
| total: | 24 | 4420g | / | 1165w |
| 0:05 | Wisp |
| 0:05 | Wisp |
| 0:10 | Altar of Elders |
| 0:22 | Moon Well |
| 0:42 | Wisp |
| 0:42 | Wisp |
| 0:42 | Wisp |
| 0:42 | Wisp |
| 0:48 | Moon Well |
| 1:04 | Wisp |
| 1:18 | Wisp |
| 1:18 | Wisp |
| 1:30 | Wisp |
| 1:39 | Wisp |
| 1:56 | Wisp |
| 2:11 | Entangling Roots |
| 2:32 | Wisp |
| 2:32 | Wisp |
| 3:17 | Moon Well |
| 3:33 | Wisp |
| 3:33 | Wisp |
| 3:59 | Staff of Teleportation |
| 3:59 | Boots of Speed |
| 4:05 | Wisp |
| 4:06 | Wisp |
| 4:22 | Moon Well |
| 4:49 | Thorns Aura |
| 4:54 | Tree of Life |
| 5:29 | Tree of Ages |
| 6:58 | Wisp |
| 6:58 | Wisp |
| 6:59 | Wisp |
| 6:59 | Wisp |
| 7:00 | Wisp |
| 7:45 | Hunter's Hall |
| 7:51 | Tree of Eternity |
| 8:17 | Frost Arrows |
| 8:30 | Staff of Teleportation |
| 8:30 | Boots of Speed |
| 8:32 | Circlet of Nobility |
| 8:49 | Ultravision |
| 8:51 | Moon Well |
| 9:14 | Moon Well |
| 9:15 | Moon Well |
| 9:36 | Periapt of Vitality |
| 10:13 | Well Spring |
| 10:15 | Ancient of Wonders |
| 10:17 | Entangling Roots |
| 11:03 | Moon Well |
| 11:06 | Moon Well |
| 11:07 | Moon Well |
| 11:22 | Orb of Venom |
| 11:49 | Silence |
| 12:20 | Circlet of Nobility |
| 12:20 | Periapt of Vitality |
| 12:20 | Boots of Speed |
| 12:21 | Staff of Teleportation |
| 13:30 | Moon Well |
| 13:32 | Moon Well |
| 13:41 | Staff of Sanctuary |
| 13:43 | Staff of Sanctuary |
| 13:44 | Orb of Lightning |
| 13:53 | Moon Well |
| 13:54 | Moon Well |
| 13:58 | Moon Well |
| 13:59 | Moon Well |
| 14:03 | Moon Well |
| 14:04 | Moon Well |
| 14:05 | Moon Well |
| 14:07 | Moon Well |
| 14:56 | Healing Salve |
| 15:16 | Mana Shield |
| 16:35 | Staff of Sanctuary |
| 17:26 | Life Drain |
| 19:16 | Thorns Aura |
| 19:18 | Frost Arrows |
| Right click | 1592 |
| Select group | 969 |
| Select | 161 |
| Resource trade | 122 |
| Build/train/purchase | 64 |
| Use ability | 56 |
| Misc. action | 20 |
| Chat | 14 |
| Minimap ping | 9 |
| Assign group | 7 |
| Item give/drop | 6 |
| Esc | 2 |